 Dungeon Crawl Stone Soup version 0.19-a0-810-ge4e7c75 (webtiles) character file.

158 AlphabetPasta the Skirmisher (level 5, -2/50 HPs)
             Began as a Naga Abyssal Knight on June 28, 2016.
             Was a Believer of Lugonu.
             Slain by an orc
             ... wielding a +0 short sword
              (4 damage)
             ... on level 3 of the Dungeon.
             The game lasted 00:12:17 (2184 turns).

AlphabetPasta the Skirmisher (Naga Abyssal Knight)  Turns: 2184, Time: 00:12:17

Health: -2/50      AC:  4    Str: 14    XL:     5   Next: 40%
Magic:  7/7        EV:  8    Int: 18    God:    Lugonu [**....]
Gold:   126        SH:  0    Dex: 11    Spells: 0 memorised, 4 levels left

rFire  . . .     SeeInvis +     a - +1 spear
rCold  . . .     Gourm    .     h - +0 ring mail
rNeg   . . .     Faith    .     (no shield)
rPois  +         Spirit   .     (no helmet)
rElec  .         Dismiss  .     (no cloak)
rCorr  .         Reflect  .     (no gloves)
SustAt .         Harm     .     (no barding)
MR     .....                    (no amulet)
Stlth  +.........               (no ring)
                                (no ring)

@: brilliant, about to teleport, flying, very slightly contaminated, hasted,
quick, not resistant to hostile enchantments, very unstealthy
A: see invisible, deformed body, poison resistance, slowness 2, slow metabolism
1, spit poison 2, AC +1
a: Spit Poison, Depart the Abyss, Bend Space, Renounce Religion


You were on level 3 of the Dungeon.
You worshipped Lugonu.
Lugonu was pleased with you.
You were not hungry.

You visited 1 branch of the dungeon, and saw 3 of its levels.
You visited the Abyss 1 time.

You collected 126 gold pieces.

Inventory:

Hand Weapons
 a - a +1 spear (weapon)
Missiles
 p - 8 tomahawks (quivered)
Armour
 b - a +0 leather armour
 h - a +0 ring mail (worn)
Jewellery
 q - an uncursed ring of poison resistance {unknown}
Scrolls
 g - a scroll of enchant armour {unknown}
 j - a scroll of fog {unknown}
 m - 2 scrolls of magic mapping {unknown}
 r - a scroll of noise {unknown}
 s - a scroll of identify {unknown}
Comestibles
 c - 2 bread rations
 k - 14 fruits


   Skills:
 + Level 3.7 Fighting
 * Level 3.2 Polearms
 + Level 2.3 Armour
 + Level 1.7 Dodging
 + Level 2.9 Invocations


You had 4 spell levels left.
You didn't know any spells.

Dungeon Overview and Level Annotations

Branches:
Dungeon (3/15)

Altars:
Fedhas
Gozag


Innate Abilities, Weirdness & Mutations

You cannot wear boots.
Your serpentine skin is tough. (AC +1)
You have supernaturally acute eyesight. (SInv)
Armour fits poorly on your strangely shaped body.
Your system is resistant to poisons. (rPois)
You cover ground very slowly.
You have a slow metabolism.
You can spit poison.


Message History

The giant cockroach bites you but does no damage.
The kobold hits you.
* * * LOW HITPOINT WARNING * * *
The orc hits you with a short sword.
* * * LOW HITPOINT WARNING * * *
As you read the scroll labeled ILIMOO VEPE, it crumbles to dust.
You feel strangely unstable.
It was a scroll of teleportation.
The giant cockroach barely misses you. x2
You hit the orc but do no damage.
The orc is severely wounded.
The kobold barely misses you. The orc hits you with a short sword.
* * * LOW HITPOINT WARNING * * *
The giant cockroach bites you but does no damage.
The giant cockroach barely misses you.
You closely miss the orc.
The orc is severely wounded.
The kobold hits you.
* * * LOW HITPOINT WARNING * * *
The orc hits you with a short sword.
You die...

#### ###...##
#.......###
..........###
....#..#...s##
..........bo@#
..#......#.Ks#
...(...(((..K#
.............#
..#......#...#
...........#.#
....#..#.......
.#.......!.....#
...............#


You could see an orc, 2 giant cockroaches, a bat and 2 kobolds.

Vanquished Creatures
  2 hounds (D:2)
  A gnoll (D:2)
  2 adders (D:3)
  A worm (D:2)
  3 dart slugs (D:1)
  A giant gecko (D:2)
  An orc (D:3)
  6 giant cockroaches
  9 goblins
  4 hobgoblins
  4 jackals (D:2)
  2 quokkas (D:2)
  9 bats
  7 giant newts
  4 kobolds
  3 rats
59 creatures vanquished.

Notes
Turn   | Place    | Note
--------------------------------------------------------------
     0 | Abyss:1  | AlphabetPasta the Naga Abyssal Knight began the quest for the Orb.
     0 | Abyss:1  | Reached XP level 1. HP: 21/21 MP: 2/2
    38 | Abyss:1  | Noticed a wretched star
    38 | D:1      | Escaped the Abyss
   137 | D:1      | Reached * piety under Lugonu
   137 | D:1      | Reached skill level 1 in Dodging
   203 | D:1      | Reached XP level 2. HP: 28/28 MP: 3/3
   651 | D:1      | Reached XP level 3. HP: 34/34 MP: 4/4
  1371 | D:2      | Found an opulent altar of Gozag.
  1474 | D:2      | Reached ** piety under Lugonu
  1534 | D:2      | Found a faded altar of an unknown god.
  1583 | D:2      | Reached XP level 4. HP: 40/42 MP: 5/5
  1727 | D:2      | Found a blossoming altar of Fedhas.
  1855 | D:2      | Reached XP level 5. HP: 15/49 MP: 7/7
  2184 | D:3      | HP: 2/50 [kobold (3)]
  2184 | D:3      | Slain by an orc

Vault maps used:
D:1:      evilmike_arrival_hilbert_curve
D:2:      marbit_many_paths, fedhas_altar_fruit_tree, ecumenical_altar_2,
          cheibrodos_gnoll_hut
D:3:      grunt_qazlal_sundering, minmay_misc_feat_plants

Skill      XL: |  1  2  3  4 |
---------------+-------------+-----
Dodging        | 1 |  1.7
Armour         | 2 |  2.3
Polearms       | 3 |  3.2
Fighting       | |  3.7
Invocations    | |  2.9

Action                   |  1- 3 |  4- 6 || total
-------------------------+-------+-------++-------
Melee: Spear             |   102 |    76 ||   178
Throw: Tomahawk          |     1 |       ||     1
Invok: Depart the Abyss  |     1 |       ||     1
       Bend Space        |       |     1 ||     1
 Abil: Spit Poison       |    26 |     9 ||    35
  Use: Potion            |       |     8 ||     8
       Scroll            |       |     1 ||     1
  Eat: Chunk             |     3 |     1 ||     4
       Beef jerky        |       |     1 ||     1
Armor: Leather armour    |     1 |       ||     1
       Ring mail         |    17 |    55 ||    72
Dodge: Dodged            |    30 |    88 ||   118
